 Dungeon Crawl Stone Soup version 0.29.1-15-g9cfb28693d (webtiles) character file.

Game seed: 184255480718025926

46 Heoruswealwe the Magician (level 3, -2/19 HPs)
             Began as a Deep Elf Earth Elementalist on Apr 13, 2023.
             Slain by a hobgoblin (3 damage)
             ... on level 2 of the Dungeon.
             The game lasted 00:05:00 (420 turns).

Heoruswealwe the Magician (DEEE)                     Turns: 420, Time: 00:05:00

Health: -2/19      AC:  2    Str:  5    XL:     3   Next: 46%
Magic:  9/10       EV: 12    Int: 21    God:
Gold:   42         SH:  0    Dex: 15    Spells: 7/10 levels left

rFire   . . .      SeeInvis .   (no weapon)
rCold   . . .      Faith    .   (no shield)
rNeg    . . .      Spirit   .   a - +0 robe
rPois   .          Reflect  .   (no helmet)
rElec   .          Harm     .   (no cloak)
rCorr   .          Rampage  .   (no gloves)
Will    .....                   (no boots)
Stlth   ++........              (no amulet)
HPRegen 0.06/turn               (no ring)
MPRegen 0.12/turn               (no ring)

@: slowed, very slow
A: no striking features
a: no special abilities


You were on level 2 of the Dungeon.
You visited 1 branch of the dungeon, and saw 2 of its levels.

You collected 42 gold pieces.

Inventory:

Armour
 a - a +0 robe (worn)
Scrolls
 e - a scroll of teleportation
 f - a scroll of poison {unknown}
Potions
 c - a potion of might {unknown}
 d - a potion of brilliance
 g - 2 potions of resistance


   Skills:
 - Level 2.4 Dodging
 - Level 2.4 Stealth
 + Level 4.3 Spellcasting
 - Level 1.1 Transmutations
 + Level 4.2 Earth Magic


You had 7 spell levels left.
You knew the following spells:

 Your Spells              Type           Power      Damage    Failure   Level
a - Sandblast             Erth           44%        2d11      1%          1
z - Passwall              Tmut/Erth      12%        N/A       6%          2

Your spell library contained the following spells:

 Spells                   Type           Power      Damage    Failure   Level
 Stone Arrow              Conj/Erth      26%        3d8       14%         3
 Petrify                  Tmut/Erth      15%        N/A       36%         4


Dungeon Overview and Level Annotations

Branches:
Dungeon (2/15)

Altars:

Annotations:
D:2 Sigmund


Message History

You kill the bat!
The goblin shouts!
Natasha hisses angrily.
You hear a shout! x2
The blast of sand hits Natasha.
Natasha is moderately wounded.
Natasha drinks a potion.
Natasha seems to speed up.
The blast of sand hits the goblin!
You kill the goblin!
Natasha claws you.
A hobgoblin comes into view.
The blast of sand hits Natasha!
Natasha is almost dead.
Natasha misses you. Natasha casts a spell at you.
You feel yourself slow down.
The blast of sand misses Natasha.
Natasha barely misses you. Natasha claws you!
Sigmund the Dreaded comes into view.
He is wielding a +0 scythe and wearing a +2 robe of fire resistance.
Natasha stares at you and mumbles some strange words.
You resist with some effort.
Natasha mumbles some strange words.
Magic courses through your body. Natasha claws you.
* * * LOW HITPOINT WARNING * * *
A bat comes into view.
The hobgoblin drinks a potion.
The hobgoblin suddenly seems more resistant.
Sigmund casts a spell.
Sigmund flickers and vanishes!
Deactivating autopickup; reactivate with Ctrl-A.
Natasha stares at you and mumbles some strange words.
You resist with some effort.
Casting: Sandblast (safe; 1% risk of failure)
Confirm with . or Enter, or press ? or * to list all spells.
Aiming: Sandblast (safe; 1% risk of failure)
Press: ? - help, Shift-Dir - straight line, f/p - Natasha
Aim: Natasha (almost dead, fast, 79% to hit)
The blast of sand hits Natasha!
You kill Natasha!
You hear a faint echoing roar filled with hate and sorrow!
The shadow imp disappears in a puff of smoke!
The hobgoblin hits you.
You die...

.... ##... #.....
..#..... #..#.##.....
#.. .... ##.##..#.....
#.. ...## #..###.<.....
##.. #..# #.#...)......
....###.###...###......
#................####
..##$.....).........#
.....bg@............#
..#.......).........#
#..###...)........#
.........†.#..........
.#. ##.###...#.##.....
# ## ....#.##...##
.#..##.. ... ..#..# #
.# #...


You could see a hobgoblin (resistant) and a bat.

Vanquished Creatures
  Natasha (twice) (D:2)
  An endoplasm (D:1)
  5 goblins
  A hobgoblin (D:1)
  A quokka (D:2)
  2 bats
  2 frilled lizards (D:1)
  6 kobolds
  3 rats (D:1)
23 creatures vanquished.

Vanquished Creatures (others)
  19 plants (D:1)
19 creatures vanquished.

Grand Total: 42 creatures vanquished

Notes
Turn   | Place    | Note
-------+----------+-------------------------------------------
     0 | D:1      | Heoruswealwe the Deep Elf Earth Elementalist began the
                  | quest for the Orb.
     0 | D:1      | Reached XP level 1. HP: 10/10 MP: 6/6
   255 | D:1      | Reached XP level 2. HP: 15/15 MP: 5/8
   258 | D:1      | Learned a level 2 spell: Passwall
   378 | D:2      | Noticed Natasha
   382 | D:2      | Noticed a crimson imp
   383 | D:2      | Killed Natasha
   384 | D:2      | Reached XP level 3. HP: 19/19 MP: 5/10
   412 | D:2      | Noticed Natasha
   418 | D:2      | Noticed Sigmund
   420 | D:2      | Killed Natasha
   420 | D:2      | Slain by a hobgoblin

Illustrated notes

Levels and vault maps discovered:
D:1:      dpeg_arrival_tiny_f, layout_loops_cross, serial_forest,
          infiniplex_forest_clump_cross, infiniplex_forest_pool,
          infiniplex_forest_zigzag_2, infiniplex_forest_corner_1,
          infiniplex_forest_clump_double, infiniplex_forest_lined_2,
          basic_ecumenical_altar, minmay_large_rounded_square,
          lexackson_kobold_supper
D:2:      layout_rooms, minmay_indecisive_spiral, uniq_sigmund, uniq_natasha

Skill      XL: |  1  2 |
---------------+-------+-----
Spellcasting   | 4 |  4.3
Earth Magic    | 4 |  4.2
Dodging        | |  2.4
Stealth        | |  2.4
Transmutations | |  1.1

Action                   || total
-------------------------++-------
Melee: Unarmed           ||    58
       Punch             ||     3
 Cast: Sandblast         ||    31
  Use: Scroll            ||     4
       Potion            ||     1
Armor: Robe              ||     2
Dodge: Dodged            ||     7
